General information
- name: BNet
- type: Ladder team game (AT/RT)
- host: Battle.net
- saver: HARASS-MASTER.
map: DragonFalls
- players: 8
- length: 28:39
- speed: Fast
- version: 1.26 W3XP
- replay type: Public
» download(182 KB)
Players
team 1 (winner)
The_Blazed (
blue | 45 APM | 1283 actions | 28:38)
6 Blademaster
2 Critical Strike
3 Wind Walk
1 Bladestorm
3 Shadow Hunter
2 Healing Wave
1 Hex
» actions
| Assign group hotkey | 4 | |
| Basic commands | 16 | |
| Build / train | 78 | |
| ESC pressed | 2 | |
| Enter build submenu | 17 | |
| Enter hero's abilities submenu | 9 | |
| Give item / drop item | 5 | |
| Right click | 685 | |
| Select / deselect | 389 | |
| Select group hotkey | 3 | |
| Use ability | 75 | |
1283 total
» units
| Peon | 9 | |
| Grunt | 8 | |
| Goblin Shredder | 1 | |
| Spirit Walker | 2 | |
| Raider | 3 | |
| Tauren | 8 | |
| Shaman | 8 | |
39 total
» upgrades
| Melee Weapons | 2 | |
| Armor | 2 | |
| Berserker Strength | 1 | |
| Ensnare | 1 | |
| Shaman Training | 2 | |
| Pillage | 1 | |
| Pulverize | 1 | |
10 total
» buildings
| Altar of Storms | 2 | |
| Orc Burrow | 7 | |
| Barracks | 1 | |
| Voodoo Lounge | 1 | |
| War Mill | 1 | |
| Stronghold | 1 | |
| Fortress | 1 | |
| Spirit Lodge | 1 | |
| Beastiary | 1 | |
| Tauren Totem | 2 | |
| Great Hall | 1 | |
19 total
» build order
00:26 Altar of Storms
00:31 Orc Burrow
01:14 Barracks
01:39 Voodoo Lounge
01:58 Orc Burrow
02:14 War Mill
03:33 Orc Burrow
04:06 Stronghold
05:32 Orc Burrow
08:01 Fortress
08:05 Spirit Lodge
08:11 Beastiary
10:29 Orc Burrow
10:31 Orc Burrow
11:14 Tauren Totem
11:15 Tauren Totem
16:29 Altar of Storms
19:41 Orc Burrow
23:38 Great Hall
» items
| Healing Salve | 5 | |
| Lesser Clarity Potion | 1 | |
| Scroll of Town Portal | 2 | |
| Orb of Lightning | 1 | |
9 total
Liko (
yellow | 86 APM | 2464 actions | 28:38)
7 Death Knight
3 Death Coil
3 Unholy Aura
1 Animate Dead
6 Dark Ranger
2 Black Arrow
3 Silence
1 Charm
6 Pit Lord
3 Howl of Terror
2 Cleaving Attack
1 Doom
» actions
| Assign group hotkey | 51 | |
| Basic commands | 225 | |
| Build / train | 100 | |
| Enter build submenu | 26 | |
| Enter hero's abilities submenu | 20 | |
| Give item / drop item | 9 | |
| Right click | 702 | |
| Select / deselect | 488 | |
| Select group hotkey | 715 | |
| Use ability | 127 | |
2464 total
» units
| Acolyte | 9 | |
| Ghoul | 4 | |
| Crypt Fiend | 2 | |
| Frost Wyrm | 6 | |
21 total
» upgrades
| Creature Carapace | 3 | |
| Freezing Breath | 1 | |
| Backpack | 1 | |
| Creature Attack | 3 | |
8 total
» buildings
| Graveyard | 1 | |
| Crypt | 1 | |
| Altar of Darkness | 1 | |
| Ziggurat | 8 | |
| Tomb of Relics | 2 | |
| Halls of the Dead | 2 | |
| Necropolis | 1 | |
| Black Citadel | 3 | |
| Sacrificial Pit | 1 | |
| Boneyard | 2 | |
| Nerubian Tower | 1 | |
| Tree of Life | 1 | |
| Town Hall | 1 | |
25 total
» build order
00:14 Graveyard
00:19 Crypt
00:52 Altar of Darkness
01:04 Ziggurat
01:43 Tomb of Relics
02:13 Ziggurat
03:53 Halls of the Dead
03:53 Halls of the Dead
04:19 Necropolis
06:14 Black Citadel
08:14 Sacrificial Pit
09:12 Boneyard
09:47 Boneyard
10:03 Ziggurat
10:11 Ziggurat
11:30 Ziggurat
12:03 Ziggurat
15:24 Ziggurat
16:58 Nerubian Tower
21:58 Tomb of Relics
25:55 Tree of Life
26:41 Ziggurat
27:54 Town Hall
» items
| Rod of Necromancy | 2 | |
| Sacrificial Skull | 4 | |
| Orb of Corruption | 3 | |
| Potion of Mana | 2 | |
| Scroll of Healing | 5 | |
| Potion of Healing | 5 | |
| Boots of Speed | 1 | |
| Potion of Lesser Invulnerability | 2 | |
| Periapt of Vitality | 1 | |
| Scroll of Protection | 3 | |
| Scroll of Speed | 1 | |
| Scroll of Town Portal | 2 | |
| Tiny Great Hall | 1 | |
32 total
HARASS-MASTER. (
orange | 68 APM | 1941 actions | 28:39)
7 Blood Mage
3 Flame Strike
3 Siphon Mana
1 Summon Phoenix
» actions
| Assign group hotkey | 79 | |
| Basic commands | 23 | |
| Build / train | 66 | |
| Enter build submenu | 13 | |
| Enter hero's abilities submenu | 7 | |
| Give item / drop item | 4 | |
| Right click | 763 | |
| Select / deselect | 238 | |
| Select group hotkey | 602 | |
| Use ability | 146 | |
1941 total
» units
| Peasant | 8 | |
| Footman | 7 | |
| Sorceress | 18 | |
33 total
» upgrades
| Masonry | 1 | |
| Lumber Harvesting | 1 | |
| Sorceress Training | 2 | |
4 total
» buildings
| Altar of Kings | 1 | |
| Barracks | 1 | |
| Farm | 7 | |
| Scout Tower | 3 | |
| Arcane Vault | 1 | |
| Arcane Tower | 2 | |
| Keep | 1 | |
| Lumber Mill | 1 | |
| Arcane Sanctum | 2 | |
| Guard Tower | 1 | |
| Castle | 1 | |
21 total
» build order
00:08 Altar of Kings
00:21 Barracks
00:36 Farm
00:52 Farm
01:38 Farm
01:44 Scout Tower
02:13 Arcane Vault
02:17 Arcane Tower
02:17 Arcane Tower
03:30 Keep
04:06 Lumber Mill
04:10 Farm
04:12 Farm
04:13 Farm
04:14 Farm
05:24 Scout Tower
05:25 Scout Tower
06:00 Arcane Sanctum
06:02 Arcane Sanctum
06:19 Guard Tower
07:10 Castle
» items
| Staff of Teleportation | 1 | |
| Potion of Invisibility | 1 | |
| Potion of Lesser Invulnerability | 1 | |
| Lesser Clarity Potion | 3 | |
| Scroll of Regeneration | 3 | |
| Potion of Mana | 4 | |
| Scroll of Town Portal | 2 | |
| Potion of Healing | 1 | |
16 total

»
Skulldugery (
purple | 26 APM | 757 actions | 28:38)
4 Crypt Lord
2 Carrion Beetles
2 Spiked Carapace
3 Dark Ranger
1 Silence
2 Black Arrow
2 Lich
1 Frost Nova
1 Frost Armor
» actions
| Assign group hotkey | 19 | |
| Basic commands | 38 | |
| Build / train | 79 | |
| Enter build submenu | 29 | |
| Enter hero's abilities submenu | 10 | |
| Give item / drop item | 2 | |
| Right click | 224 | |
| Select / deselect | 219 | |
| Select group hotkey | 97 | |
| Use ability | 40 | |
757 total
» units
| Acolyte | 11 | |
| Ghoul | 3 | |
| Crypt Fiend | 6 | |
| Gargoyle | 4 | |
| Abomination | 2 | |
| Obsidian Statue | 1 | |
| Necromancer | 3 | |
| Green Dragon | 1 | |
31 total
» upgrades
| Creature Carapace | 2 | |
| Web | 1 | |
| Burrow | 1 | |
| Creature Attack | 1 | |
| Unholy Strength | 1 | |
| Skeletal Mastery | 1 | |
| Skeletal Longevity | 1 | |
| Necromancer Training | 2 | |
| Disease Cloud | 1 | |
11 total
» buildings
| Ziggurat | 16 | |
| Altar of Darkness | 1 | |
| Graveyard | 1 | |
| Crypt | 1 | |
| Tomb of Relics | 1 | |
| Nerubian Tower | 1 | |
| Spirit Tower | 9 | |
| Halls of the Dead | 1 | |
| Necropolis | 2 | |
| Black Citadel | 1 | |
| Slaughterhouse | 1 | |
| Temple of the Damned | 1 | |
36 total
» build order
00:15 Ziggurat
00:42 Altar of Darkness
00:54 Graveyard
01:41 Crypt
01:53 Tomb of Relics
02:04 Ziggurat
02:14 Nerubian Tower
02:40 Ziggurat
03:49 Spirit Tower
03:57 Spirit Tower
05:43 Halls of the Dead
06:47 Necropolis
06:57 Ziggurat
08:12 Spirit Tower
08:28 Ziggurat
09:25 Spirit Tower
09:57 Ziggurat
10:10 Black Citadel
11:03 Spirit Tower
11:06 Ziggurat
12:53 Slaughterhouse
13:03 Temple of the Damned
14:20 Spirit Tower
18:05 Ziggurat
18:12 Ziggurat
18:17 Ziggurat
22:03 Ziggurat
22:08 Ziggurat
23:39 Spirit Tower
23:42 Spirit Tower
24:57 Necropolis
26:53 Ziggurat
26:55 Ziggurat
27:27 Ziggurat
27:39 Ziggurat
27:47 Spirit Tower
» items
| Periapt of Vitality | 2 | |
| Scroll of Town Portal | 3 | |
| Orb of Corruption | 1 | |
| Potion of Healing | 3 | |
| Rod of Necromancy | 1 | |
| Orb of Lightning | 1 | |
| Boots of Speed | 1 | |
| Healing Salve | 1 | |
13 total
team 2 (loser)

»
mazio1 (
teal | 90 APM | 2049 actions | 22:41)
4 Archmage
2 Summon Water Elemental
2 Brilliance Aura
3 Mountain King
2 Storm Bolt
1 Bash
2 Dark Ranger
1 Black Arrow
1 Silence
» actions
| Assign group hotkey | 60 | |
| Basic commands | 206 | |
| Build / train | 113 | |
| ESC pressed | 3 | |
| Enter build submenu | 37 | |
| Enter hero's abilities submenu | 10 | |
| Give item / drop item | 3 | |
| Remove unit from queue | 2 | |
| Right click | 334 | |
| Select / deselect | 308 | |
| Select group hotkey | 862 | |
| Use ability | 111 | |
2049 total
» units
| Peasant | 44 | |
| Footman | 3 | |
| Spell Breaker | 4 | |
| Priest | 4 | |
| Sorceress | 3 | |
| Gryphon Rider | 8 | |
66 total
» upgrades
| Lumber Harvesting | 2 | |
| Priest Training | 2 | |
| Sorceress Training | 2 | |
| Storm Hammers | 1 | |
| Animal War Training | 1 | |
| Control Magic | 1 | |
| Magic Sentry | 1 | |
10 total
» buildings
| Altar of Kings | 1 | |
| Barracks | 1 | |
| Farm | 13 | |
| Town Hall | 1 | |
| Arcane Vault | 1 | |
| Lumber Mill | 1 | |
| Keep | 1 | |
| Arcane Sanctum | 2 | |
| Castle | 1 | |
| Gryphon Aviary | 3 | |
| Blacksmith | 1 | |
| Scout Tower | 11 | |
| Guard Tower | 10 | |
47 total
» build order
00:09 Altar of Kings
00:21 Barracks
00:37 Farm
00:52 Farm
01:30 Farm
03:25 Town Hall
03:52 Arcane Vault
04:20 Lumber Mill
04:38 Keep
05:03 Farm
05:42 Farm
06:20 Farm
07:03 Farm
07:08 Arcane Sanctum
07:10 Arcane Sanctum
07:44 Farm
08:01 Castle
08:24 Farm
08:36 Gryphon Aviary
08:38 Gryphon Aviary
09:04 Farm
09:09 Gryphon Aviary
09:12 Blacksmith
09:45 Farm
10:32 Farm
11:12 Farm
12:13 Scout Tower
12:42 Scout Tower
12:44 Guard Tower
13:04 Scout Tower
13:17 Guard Tower
13:21 Scout Tower
13:36 Guard Tower
13:51 Scout Tower
13:55 Guard Tower
14:36 Guard Tower
15:22 Scout Tower
16:59 Guard Tower
18:23 Scout Tower
18:57 Guard Tower
19:00 Scout Tower
19:29 Scout Tower
19:30 Guard Tower
20:39 Guard Tower
20:59 Scout Tower
21:33 Guard Tower
21:36 Scout Tower
» items
| Scroll of Regeneration | 1 | |
| Staff of Sanctuary | 1 | |
| Scroll of Town Portal | 1 | |
| Orb of Corruption | 1 | |
4 total

»
the_blind_kid (
pink | 42 APM | 948 actions | 22:44)
4 Death Knight
2 Death Coil
2 Unholy Aura
» actions
| Build / train | 75 | |
| Enter build submenu | 32 | |
| Enter hero's abilities submenu | 4 | |
| Remove unit from queue | 1 | |
| Right click | 506 | |
| Select / deselect | 284 | |
| Use ability | 46 | |
948 total
» units
| Acolyte | 36 | |
| Ghoul | 4 | |
| Crypt Fiend | 6 | |
| Frost Wyrm | 5 | |
51 total
» upgrades
| Web | 1 | |
| Creature Attack | 1 | |
| Freezing Breath | 1 | |
3 total
» buildings
| Crypt | 2 | |
| Altar of Darkness | 1 | |
| Ziggurat | 11 | |
| Tomb of Relics | 1 | |
| Graveyard | 1 | |
| Nerubian Tower | 1 | |
| Spirit Tower | 10 | |
| Halls of the Dead | 2 | |
| Black Citadel | 1 | |
| Sacrificial Pit | 1 | |
| Boneyard | 2 | |
33 total
» build order
00:10 Crypt
00:12 Altar of Darkness
00:16 Crypt
00:39 Ziggurat
01:25 Tomb of Relics
01:31 Graveyard
02:00 Nerubian Tower
02:09 Ziggurat
03:05 Ziggurat
03:25 Spirit Tower
03:43 Halls of the Dead
04:23 Ziggurat
07:06 Spirit Tower
07:42 Black Citadel
08:06 Spirit Tower
09:10 Ziggurat
09:20 Ziggurat
09:21 Ziggurat
09:24 Ziggurat
09:26 Ziggurat
09:38 Sacrificial Pit
10:13 Ziggurat
10:24 Spirit Tower
10:24 Spirit Tower
10:37 Boneyard
11:37 Ziggurat
12:01 Boneyard
12:33 Spirit Tower
12:35 Spirit Tower
12:39 Spirit Tower
12:40 Spirit Tower
12:41 Spirit Tower
» items
MlleRose (
green | 21 APM | 415 actions | 19:21)
4 Crypt Lord
2 Carrion Beetles
2 Spiked Carapace
» actions
| Build / train | 49 | |
| Enter build submenu | 12 | |
| Enter hero's abilities submenu | 4 | |
| Right click | 142 | |
| Select / deselect | 187 | |
| Use ability | 21 | |
415 total
» units
| Acolyte | 16 | |
| Ghoul | 4 | |
| Crypt Fiend | 7 | |
27 total
» upgrades
| Creature Attack | 3 | |
| Creature Carapace | 2 | |
| Web | 1 | |
6 total
» buildings
| Crypt | 1 | |
| Graveyard | 1 | |
| Ziggurat | 6 | |
| Altar of Darkness | 1 | |
| Halls of the Dead | 1 | |
| Black Citadel | 1 | |
| Spirit Tower | 3 | |
| Sacrificial Pit | 1 | |
| Boneyard | 2 | |
17 total
» build order
00:14 Crypt
00:22 Graveyard
00:48 Ziggurat
01:04 Altar of Darkness
01:18 Ziggurat
02:30 Ziggurat
04:00 Halls of the Dead
06:28 Black Citadel
06:48 Ziggurat
08:45 Spirit Tower
11:02 Sacrificial Pit
12:08 Boneyard
12:11 Boneyard
12:14 Ziggurat
12:18 Ziggurat
14:50 Spirit Tower
19:13 Spirit Tower
» items
| Scroll of Town Portal | 3 | |
| Potion of Healing | 3 | |
6 total
adrian (
red | 28 APM | 800 actions | 28:38)
2 Demon Hunter
1 Immolation
1 Mana Burn
1 Naga Sea Witch
1 Forked Lightning
» actions
| Basic commands | 51 | |
| Build / train | 84 | |
| Enter build submenu | 25 | |
| Enter hero's abilities submenu | 3 | |
| Remove unit from queue | 1 | |
| Right click | 305 | |
| Select / deselect | 298 | |
| Use ability | 33 | |
800 total
» units
| Wisp | 12 | |
| Archer | 33 | |
| Huntress | 26 | |
| Satyr Shadowdancer | 1 | |
| Gargoyle | 2 | |
| Frost Wyrm | 1 | |
75 total
» upgrades
| Nature's Blessing | 1 | |
| Cannibalize | 1 | |
2 total
» buildings
| Ancient of War | 2 | |
| Moon Well | 6 | |
| Altar of Elders | 1 | |
| Hunter's Hall | 1 | |
| Tree of Ages | 1 | |
| Ancient Protector | 6 | |
| Ancient of Wind | 1 | |
| Ancient of Lore | 1 | |
| Slaughterhouse | 1 | |
20 total
» build order
00:10 Ancient of War
00:16 Ancient of War
01:36 Moon Well
02:08 Altar of Elders
02:33 Moon Well
03:24 Moon Well
05:02 Moon Well
05:17 Moon Well
07:59 Hunter's Hall
08:25 Moon Well
09:56 Tree of Ages
17:03 Ancient Protector
17:07 Ancient Protector
17:11 Ancient Protector
17:14 Ancient Protector
17:18 Ancient Protector
17:21 Ancient Protector
22:17 Ancient of Wind
22:21 Ancient of Lore
24:12 Slaughterhouse
Chat log
(00:17 / Allies) The_Blazed: units?
(00:24 / Allies) Liko: dk fiend
(00:25 / Allies) Liko: frost
(00:29 / Allies) Liko: can i get expo blue
(00:33 / Allies) The_Blazed: sure
(00:38 / Allies) Liko: nice
(00:47 / Allies) The_Blazed: u better use it well since u ud
(00:52 / Allies) The_Blazed: 20 frosties
(00:56 / Allies) Liko: ofc
(01:09 / Allies) HARASS-MASTER.: 7x20=140 food
(01:18 / Allies) The_Blazed: exxageration
(01:21 / Allies) The_Blazed: grats on oticing
(01:24 / Allies) The_Blazed: noticing*
(01:31 / Allies) HARASS-MASTER.: i dont like that tone blue
(01:32 / Allies) HARASS-MASTER.: shape up
(01:36 / Allies) Liko: lol
(01:41 / Allies) The_Blazed: lol
(01:42 / Allies) The_Blazed: :D
(01:53 / Allies) The_Blazed: nothing with a little motivation
(02:04 / Allies) Liko: ex rank 1
(02:10 / Allies) Liko: let's win
(03:26 / Allies) HARASS-MASTER.: i require your fat tank purple
(09:04 / Allies) The_Blazed: not bad lol
(09:08 / All) HARASS-MASTER.: its just one hero
(09:24 / Allies) HARASS-MASTER.: i screwed it up too invis ran out
(10:30 / Allies) Skulldugery: use expo oj
(11:50 / All) the_blind_kid: oj u are the master
(11:54 / All) HARASS-MASTER.: ty lol
(12:05 / All) the_blind_kid: lol gj
(12:14 / Allies) Liko: purp b
(12:14 / Allies) Liko: b
(13:18 / Allies) The_Blazed: frostie
(13:33 / Allies) Liko: shop
(13:43 / All) the_blind_kid: lol thts fuckd up
(13:47 / All) HARASS-MASTER.: my bad lol
(14:07 / All) HARASS-MASTER.: nothing personal
(14:59 / Allies) The_Blazed: they comin for me
(15:11 / Allies) Liko: 200g
(15:12 / Allies) Liko: 200g
(15:13 / Allies) The_Blazed: tp
(15:15 / Allies) The_Blazed: soon
(15:33 / Allies) The_Blazed: tp now
(17:12 / Allies) Skulldugery: fuckl you whores
(17:13 / All) HARASS-MASTER.: are ur allies saying anything about it
(17:16 / Allies) Liko: wood
(17:21 / Allies) Skulldugery: i will not help you cunts again
(17:22 / Allies) Skulldugery: dogshit
(17:24 / All) the_blind_kid: lol no
(19:09 / All) the_blind_kid: i think thts gg
(19:27 / Allies) The_Blazed: lol u made him leave
(19:28 / All) HARASS-MASTER.: ty for complimenting me
(19:29 / All) HARASS-MASTER.: pink
(19:29 / All) the_blind_kid: lol well done oj
(19:35 / All) HARASS-MASTER.: i absolutely raped a couple hours ago
(19:38 / All) HARASS-MASTER.: killed 100 workers
(19:40 / All) HARASS-MASTER.: not even kidding
(19:48 / All) HARASS-MASTER.: 113 units killed with solo bloodmage
(19:51 / All) the_blind_kid: good technique man
(19:53 / All) HARASS-MASTER.: i still lost the game tho
(19:58 / All) Liko: wait
(20:00 / All) Liko: how do u see
(20:03 / All) Liko: units killed
(20:06 / All) Liko: before game is over
(20:13 / All) HARASS-MASTER.: i checked end game screen...
(20:18 / All) the_blind_kid: lol
(20:19 / All) Liko: how
(21:10 / Allies) The_Blazed: lets hit
(22:14 / Allies) The_Blazed: poting
(22:38 / All) the_blind_kid: gg
(22:41 / All) HARASS-MASTER.: gg
(22:57 / All) HARASS-MASTER.: hey teal
(23:01 / All) HARASS-MASTER.: bow to your liege lord
(23:06 / All) HARASS-MASTER.: compliment my pro skills
(23:13 / All) Liko: ex rank 1
(23:20 / All) HARASS-MASTER.: kodo #1
(23:31 / All) Liko: rip zyzz
(24:00 / Allies) The_Blazed: level 7 just off peons lol
(24:05 / All) HARASS-MASTER.: forgot liko is on my team
(24:09 / All) HARASS-MASTER.: i like liko
(24:13 / All) HARASS-MASTER.: dorian 12's brother
(24:18 / All) Liko: lol
(24:26 / All) HARASS-MASTER.: i raped this game
(24:28 / All) HARASS-MASTER.: big time
(24:38 / All) HARASS-MASTER.: i dont have a big impact but i piss pple off
(26:35 / Allies) The_Blazed: u were just a distraction they couldnt handle
(26:39 / All) HARASS-MASTER.: lawl
(26:39 / Allies) The_Blazed: the invisble is a nice touch
(26:40 / All) HARASS-MASTER.: ty blue
(26:53 / All) HARASS-MASTER.: my strat is to sacrifice sorc all game so i can flamestrike all game
(27:54 / All) HARASS-MASTER.: liko where is the new hang out channel
(27:57 / All) HARASS-MASTER.: ggl is full